Map: Neon Violet Square LE

Players

Luckee - Winner!

  • Race: Terran Terran
  • League: Diamond
  • Spawn Location: 11:00

Dessa

  • Race: Zerg Zerg
  • League: Diamond
  • Spawn Location: 5:00

VOD

Have the link to the VOD?

Description

Time

  • Played on: Dec. 19, 2017, 4:14 p.m.
  • Length: 14:17
Show
View Real Time Build Order
Export as new Build Order

Luckee Terran - Winner!

Build Orders: Hellion Opening, Bio Mine 

Get SALT Encoding   

  12  0:00  SCV  
  13  0:12  SCV  
  14  0:18  Supply Depot  
  14  0:24  SCV  
  15  0:40  SCV  
  15  0:41  Barracks  
  16  0:45  Refinery  
  16  0:52  SCV  
  17  1:04  SCV  
  18  1:16  SCV  
  19  1:28  Barracks Reactor  
  19  1:30  Orbital Command  
  19  1:44  Command Center  
  19  1:57  SCV  
  19  1:58  Supply Depot  
  20  2:07  Factory  
  20  2:11  Marine  
  20  2:13  Marine  
  22  2:18  SCV  
  23  2:29  Marine  
  24  2:30  SCV  
  25  2:42  SCV  
  25  2:43  Refinery  
  26  2:51  Factory Reactor  
  26  2:54  SCV  
  27  3:00  Hellion x2, Armory  
  27  3:03  Marine  
  27  3:04  SCV  
  33  3:06  SCV  
  34  3:18  Orbital Command  
  35  3:22  Hellion  
  35  3:23  Hellion  
  38  3:28  SCV  
  38  3:29  Marine  
  38  3:33  Supply Depot  
  40  3:43  Hellion  
  40  3:44  SCV, Hellion  
  40  3:45  SCV  
  46  3:54  Supply Depot, Marine  
  47  3:56  SCV  
  48  4:03  Starport  
  48  4:05  SCV  
  49  4:24  SCV x2  
  51  4:34  Widow Mine x2  
  51  4:35  Barracks Reactor  
  55  4:40  Starport Tech Lab  
  55  4:42  Command Center  
  55  4:46  Barracks  
  55  4:48  Barracks  
  55  4:50  SCV  
  56  4:54  SCV  
  56  4:57  Bunker, Terran Vehicle Weapons Level 1  
  56  4:58  Supply Depot  
  57  5:02  SCV  
  57  5:05  Widow Mine  
  57  5:06  Widow Mine  
  62  5:19  SCV, Marine x2  
  50  5:28  Widow Mine  
  50  5:29  SCV, Widow Mine  
  50  5:31  SCV  
  54  5:38  Barracks Reactor  
  54  5:39  Marine x2  
  54  5:41  SCV  
  54  5:42  Starport Reactor  
  57  5:44  SCV  
  57  5:45  Refinery  
  57  5:47  Refinery  
  58  5:50  Supply Depot  
  58  5:53  SCV  
  58  5:54  Orbital Command  
  58  5:58  Marine x2  
  60  6:09  Widow Mine x2  
  64  6:11  Stimpack  
  64  6:13  SCV  
  64  6:16  SCV  
  64  6:17  Factory  
  66  6:25  Marine x3  
  66  6:26  Marine  
  66  6:27  SCV x2, Marauder  
  74  6:34  SCV  
  74  6:36  Medivac  
  74  6:37  Medivac  
  79  6:44  SCV x2  
  79  6:45  Engineering Bay  
  79  6:46  SCV  
  79  6:47  Engineering Bay, Marine x3  
  85  6:54  Marine  
  85  6:55  Marauder  
  85  6:56  SCV x2  
  92  7:01  Factory Tech Lab, Hellbat  
  92  7:09  Supply Depot, Medivac x2, Hellbat  
  92  7:10  SCV, Supply Depot  
  92  7:11  SCV, Marine  
  101  7:19  Terran Infantry Weapons Level 1  
  101  7:20  Terran Infantry Armor Level 1  
  101  7:27  Drilling Claws  
  101  7:30  Marine x3  
  101  7:31  SCV, Widow Mine, Marauder  
  101  7:32  SCV x2, Marine  
  112  7:39  Hellbat x2  
  116  7:45  Supply Depot  
  116  7:47  Supply Depot  
  116  7:48  Marine  
  116  7:50  Supply Depot  
  117  8:00  Supply Depot  
  117  8:01  Supply Depot  
  117  8:02  Bunker  
  117  8:06  Supply Depot, Marine x3  
  117  8:07  SCV, Medivac, Marauder  
  117  8:08  SCV, Medivac  
  117  8:12  Combat Shields  
  128  8:16  Marine  
  128  8:17  Siege Tank  
  128  8:18  Widow Mine x2  
  136  8:21  SCV x2  
  136  8:22  SCV, Missile Turret  
  139  8:31  Barracks  
  139  8:33  Barracks  
  139  8:34  Marine x3  
  139  8:35  Marine x2  
  139  8:36  Barracks  
  139  8:41  Refinery  
  144  8:43  Refinery  
  120  9:01  Marine x3  
  120  9:02  Marine x2  
  96  9:03  Hellbat  
  96  9:04  Medivac x2, Hellbat x2  
  106  9:11  SCV x2  
  108  9:20  Marauder, Terran Infantry Weapons Level 2  
  110  9:24  Terran Infantry Armor Level 2  
  110  9:25  Hellbat  
  110  9:27  Command Center, Barracks Reactor  
  110  9:28  Barracks Tech Lab  
  110  9:29  Barracks Reactor  
  112  9:36  Marine x3  
  112  9:37  Marine  
  116  9:41  Hellbat x2  
  116  9:43  Medivac  
  116  9:45  Medivac  
  124  9:53  Marine  
  124  9:54  Marine x4  
  124  10:05  SCV x3, Marine  
  124  10:06  Marine x3  
  130  10:10  Marine  
  130  10:12  Marauder  
  133  10:17  Marine x2, Marauder  
  137  10:28  Marine x2  
  137  10:29  Marine x3  
  137  10:30  Marine  
  137  10:33  Marauder  
  137  10:35  Siege Tank  
  148  10:47  Marine x5  
  148  10:48  Marine, Marauder  
  154  10:50  Marine x2  
  154  10:55  Marauder  
  158  11:06  Marine x2, Hellbat x2  
  158  11:07  Marine x3, Siege Tank  
  158  11:11  Orbital Command  
  170  11:18  Supply Depot  
  170  11:19  Marine x3  
  170  11:20  Supply Depot  
  170  11:22  Marauder  
  170  11:23  Marauder  
  177  11:27  Hellbat  
  177  11:31  Marine  
  177  11:32  Marine x2  
  182  11:48  Marine x4  
  182  11:49  Marauder x2  
  183  12:00  Marine x4  
  186  12:02  Hellbat x3  
  186  12:06  SCV  
  193  12:13  Marine  
  193  12:14  Marine x2  
  193  12:15  Marauder x2  
  200  12:24  Command Center  
  200  12:25  Command Center  
  200  12:28  Factory  
  200  12:29  Starport  
  200  12:30  Factory  
  200  12:33  Barracks  
  200  12:34  Barracks  
  165  13:05  Marine  
  165  13:06  Marine x5, Marauder x2  
  171  13:13  Marine x2  
  171  13:14  Starport Tech Lab  
  171  13:15  Factory Tech Lab, Factory Reactor  
  173  13:27  Marine  
  173  13:28  Marauder x2, Marine  
  173  13:29  Barracks Tech Lab x2  
  179  13:38  Orbital Command  
  179  13:42  Ghost Academy  
  179  13:43  Ghost Academy x2  
  179  13:47  Marine x4  
  183  13:49  Refinery, Marauder x2  
  183  13:53  Command Center  
  183  13:54  Command Center  
  190  13:55  Command Center  
Show
View Real Time Build Order
Export as new Build Order

Dessa Zerg 

Build Orders: Hatch First 

Get SALT Encoding   

  12  0:01  Drone  
  13  0:13  Overlord  
  13  0:18  Drone  
  14  0:31  Drone x2  
  16  0:37  Drone  
  17  0:53  Hatchery  
  16  0:58  Drone  
  16  1:00  Extractor  
  16  1:02  Drone  
  17  1:20  Spawning Pool  
  17  1:21  Drone  
  17  1:26  Drone  
  17  1:29  Drone  
  19  1:40  Overlord  
  19  1:58  Hatchery  
  18  2:08  Queen  
  20  2:15  Metabolic Boost  
  20  2:32  Queen  
  20  2:33  Zergling x2  
  20  2:34  Zergling x2  
  20  2:37  Drone  
  25  2:40  Drone  
  25  2:43  Drone  
  27  2:54  Queen  
  27  2:57  Drone  
  30  2:59  Drone  
  31  3:07  Drone  
  31  3:09  Overlord  
  32  3:18  Queen  
  34  3:23  Drone  
  34  3:24  Drone  
  36  3:32  Drone x3  
  36  3:33  Drone  
  40  3:34  Drone  
  41  3:50  Drone x3, Extractor  
  41  3:51  Extractor  
  42  3:55  Baneling Nest  
  42  3:56  Drone  
  42  3:57  Drone x2  
  42  3:58  Overlord  
  42  4:01  Drone  
  45  4:08  Drone x2  
  47  4:15  Evolution Chamber  
  47  4:16  Zergling x2  
  46  4:17  Zergling x4, Evolution Chamber  
  46  4:22  Queen  
  48  4:25  Zergling x4  
  50  4:33  Zergling x10  
  55  4:39  Baneling x5  
  55  4:41  Zergling x4  
  57  5:03  Baneling  
  57  5:05  Overlord x2  
  47  5:31  Extractor  
  47  5:32  Extractor  
  47  5:34  Drone x3  
  47  5:35  Drone x2  
  50  5:38  Drone x3  
  50  5:39  Drone x3  
  50  5:40  Overlord  
  56  5:45  Hatchery  
  56  5:46  Drone x2  
  56  5:48  Extractor  
  56  5:49  Overlord  
  55  6:13  Lair  
  55  6:14  Drone  
  55  6:15  Drone x2, Overlord  
  58  6:19  Zerg Melee Weapons Level 1  
  58  6:22  Drone x3  
  58  6:23  Drone x3  
  64  6:38  Zerg Ground Armor Level 1  
  64  6:39  Zergling x2  
  66  6:40  Zergling x4  
  66  6:41  Zergling x14  
  66  6:42  Zergling x4  
  76  6:47  Pneumatized Carapace  
  76  6:55  Overlord x2  
  76  6:59  Zergling x4  
  76  7:00  Zergling x8  
  82  7:03  Queen  
  82  7:05  Drone x2  
  85  7:10  Overseer  
  85  7:12  Zergling x2  
  85  7:13  Zergling x6  
  89  7:16  Drone  
  89  7:18  Drone x2, Hydralisk Den  
  91  7:27  Drone x5  
  91  7:28  Drone x3, Extractor x2  
  97  7:31  Overlord  
  97  7:36  Drone  
  98  7:57  Centrifical Hooks  
  98  8:00  Hydralisk, Muscular Augments  
  98  8:01  Hydralisk x9  
  98  8:02  Hydralisk x2  
  98  8:04  Zergling x4  
  124  8:27  Baneling  
  124  8:28  Baneling x9, Hydralisk  
  124  8:29  Hydralisk  
  124  8:33  Baneling x3  
  104  9:04  Zergling x6, Hydralisk x2  
  104  9:05  Zergling x2  
  104  9:08  Overlord x2  
  104  9:09  Zerg Missile Weapons Level 1  
  112  9:10  Zerg Ground Armor Level 2  
  112  9:19  Overlord x3  
  112  9:35  Zergling x12  
  116  10:08  Zergling x28  
  116  10:09  Zergling x10  
  133  10:15  Infestation Pit  
  132  10:28  Hydralisk x6  
  142  10:54  Baneling x4  
  142  10:55  Baneling x8  
  142  10:56  Baneling x2, Zergling x4  
  142  10:57  Zergling x14  
  147  11:01  Overseer x2  
  151  11:07  Overlord x3  
  151  11:12  Overlord x3  
  151  11:28  Baneling x6  
  123  12:11  Spine Crawler  
  123  12:12  Spine Crawler x2, Spore Crawler  
  123  12:14  Spine Crawler  
  123  12:15  Drone x6  
  123  12:16  Drone x3  
  123  12:19  Drone x3  
  123  12:20  Drone x2  
  123  12:21  Drone x4  
  123  12:22  Drone x2  
  138  12:23  Drone x2  
  138  12:28  Zergling x2  
  141  12:31  Zergling x4  
  143  12:57  Zergling x8  
  143  12:58  Zergling x2  
  84  13:36  Zergling x6, Hydralisk x4  
  84  13:37  Zergling x8, Hydralisk x2  
  84  13:38  Zergling x2  
  104  13:57  Baneling  
  104  13:59  Baneling x4  
  104  14:00  Hatchery  
Tags
 
Add a new tag
Caveats
  • Supply blocks, unpowered buildings, or Contaminate may cause inaccurate times.
  • Supply counts are checked every 10 seconds.